 Dungeon Crawl Stone Soup version 0.22-a0-407-gb098539 (webtiles) character file.

40 iamserjio the Slasher (level 3, 0/30 HPs)
             Began as a Minotaur Gladiator on May 9, 2018.
             Killed from afar by Natasha (8 damage)
             ... with a magic dart
             ... on level 2 of the Dungeon.
             The game lasted 00:01:47 (1404 turns).

iamserjio the Slasher (Minotaur Gladiator)          Turns: 1404, Time: 00:01:47

Health: 0/30       AC:  3    Str: 18    XL:     3   Next: 30%
Magic:  2/2        EV: 13    Int:  5    God:
Gold:   77         SH:  0    Dex: 12    Spells: 2/2 levels left

rFire    . . .     SeeInvis .   a - +0 long sword
rCold    . . .     Gourm    .   (no shield)
rNeg     . . .     Faith    .   b - +0 leather armour
rPois    .         Spirit   .   c - +0 hat
rElec    .         Reflect  .   (no cloak)
rCorr    .         Harm     .   (no gloves)
MR       .....                  (no boots)
Stlth    +.........             (no amulet)
HPRegen  0.10/turn              (no ring)
MPRegen  0.08/turn              (no ring)

@: slowed, very slow
A: retaliatory headbutt, horns 2
a: no special abilities


You were on level 2 of the Dungeon.
You were hungry.

You visited 1 branch of the dungeon, and saw 2 of its levels.

You collected 77 gold pieces.

Inventory:

Hand Weapons
 a - a +0 long sword (weapon)
Missiles
 d - 3 throwing nets (quivered)
Armour
 b - a +0 leather armour (worn)
 c - a +0 hat (worn)
 g - a +0 buckler
Scrolls
 h - 2 scrolls of remove curse {unknown}
 i - a scroll of magic mapping {unknown}
 j - a scroll of enchant weapon {unknown}
 l - a scroll of identify {unknown}
 m - a scroll of teleportation {unknown}
Potions
 e - 2 potions of brilliance {unknown}
Comestibles
 f - a ration


   Skills:
 - Level 2.4 Fighting
 * Level 4.6 Long Blades
 - Level 2.0 Throwing
 + Level 1.5 Armour
 + Level 3.7 Dodging


You had 2 spell levels left.
You didn't know any spells.

Dungeon Overview and Level Annotations

Branches:
Dungeon (2/15)

Altars:

Annotations:
D:2 Natasha


Innate Abilities, Weirdness & Mutations

You reflexively headbutt those who attack you in melee.
You have a pair of horns on your head.


Message History

You barely miss Natasha.
Natasha is moderately wounded.
You miss Natasha. Your headbutt misses Natasha.
Natasha is moderately wounded.
Natasha casts a spell at you. You resist with significant effort.
Natasha wildly gestures.
You feel disoriented. Natasha claws you!
You barely miss Natasha.
Natasha is moderately wounded.
Natasha stares at you and mumbles some strange words.
The magic dart hits you!
* * * LOW HITPOINT WARNING * * *
You slash Natasha!
Natasha is almost dead.
Natasha misses you.
Natasha stares at you and mumbles some strange words.
The magic dart hits you!
You die...

#...# ....+ #.#...#
#.#...# #.#...
####.#.. #......#
#......# .#
####.....@###...##
..........h.......
######.##.##...##
#######....#.##... ...
#............##...# #
###.#####....####..#[.
#.....# #)...# #..#..#
#.....# #....# #...
#.. #.....# #....#
#..$ ..


You could see Natasha.

Vanquished Creatures
  A gnoll (D:1)
  3 dart slugs
  A leopard gecko (D:1)
  4 bats
  A giant cockroach (D:1)
  A goblin (D:1)
  5 hobgoblins
  A ball python (D:1)
  2 frilled lizards
  2 kobolds (D:1)
  2 rats (D:1)
23 creatures vanquished.

Notes
Turn   | Place    | Note
-------+----------+-------------------------------------------
     0 | D:1      | iamserjio the Minotaur Gladiator began the quest for the Orb.
     0 | D:1      | Reached XP level 1. HP: 18/18 MP: 0/0
   241 | D:1      | Reached skill level 4 in Long Blades
   241 | D:1      | Reached XP level 2. HP: 25/25 MP: 1/1
   395 | D:1      | Reached skill level 1 in Armour
   819 | D:1      | Reached XP level 3. HP: 30/30 MP: 2/2
  1396 | D:2      | Noticed Natasha
  1404 | D:2      | Killed from afar by Natasha

Vault maps used:
D:1:      tarquinn_simple_flora_water_c, minmay_pentomino_q4
D:2:      first_ration, minmay_curled_crystal, uniq_natasha, uniq_sigmund

Skill      XL: |  1  2 |
---------------+-------+-----
Long Blades    | 4 |  4.6
Armour         | 1 |  1.5
Fighting       | |  2.4
Throwing       | |  2.0
Dodging        | |  3.7

Action                   || total
-------------------------++-------
Melee: Long sword        ||    46
       Headbutt          ||     6
  Eat: Chunk             ||     1
Armor: Leather armour    ||     9
Dodge: Dodged            ||    44
       Rpst.: Long sword ||    10

Table legend:
 A = Spawn XP
 B = Non-spawn XP
 C = Spawn XP percentage of total XP
 D = Spawn monster count
 E = Non-spawn monster count
 F = Spawn count percentage of total count
 G = Total turns spent on level
                    A         B        C        D         E        F      G
               +---------+---------+-------+---------+---------+-------+---------
         Total |       0 |      58 |   0.0 |       0 |      23 |   0.0 |  1404
               +---------+---------+-------+---------+---------+-------+---------
           D:1 |       0 |      43 |   0.0 |       0 |      17 |   0.0 |  1015
           D:2 |       0 |      15 |   0.0 |       0 |       6 |   0.0 |   389
               +---------+---------+-------+---------+---------+-------+---------
